 Dungeon Crawl Stone Soup version 0.23.2-33-g5129a83184 (webtiles) character file.

Game seed: 2091358447109784624

133 funkygono the Shield-Bearer (level 5, 0/42 HPs)
             Began as a Formicid Fighter on July 27, 2019.
             Slain by an orc priest (4 damage)
             ... on level 3 of the Dungeon.
             The game lasted 00:04:22 (2182 turns).

funkygono the Shield-Bearer (Formicid Fighter)      Turns: 2182, Time: 00:04:22

Health: 0/42       AC:  7    Str: 27    XL:     5   Next: 39%
Magic:  5/5        EV:  8    Int:  7    God:
Gold:   123        SH: 12    Dex: 10    Spells: 4/4 levels left

rFire    . . .     SeeInvis +   a - +0 flail
rCold    . . .     Gourm    .   c - +2 shield
rNeg     . . .     Faith    .   b - +0 scale mail
rPois    .         Spirit   .   (helmet unavailable)
rElec    .         Reflect  .   (no cloak)
rCorr    .         Harm     .   (no gloves)
MR       .....                  (no boots)
Stlth    ..........             (no amulet)
HPRegen  0.14/turn              o - ring of wizardry
MPRegen  0.09/turn              q - ring of teleportation (curse)

@: mighty
A: permanent stasis, dig shafts and tunnels, four strong arms, antennae 3
a: Dig, Shaft Self


You were on level 3 of the Dungeon.
You were not hungry.

You visited 1 branch of the dungeon, and saw 3 of its levels.

You collected 123 gold pieces.

Inventory:

Hand Weapons
 a - a +0 flail (weapon)
Missiles
 e - 20 sling bullets
 g - 111 stones (quivered)
 p - 29 arrows
Armour
 b - a +0 scale mail (worn)
 c - a +2 shield (worn)
Jewellery
 o - a ring of wizardry (left hand)
 q - a cursed ring of teleportation (right hand)
Potions
 d - 2 potions of might
 h - a potion of heal wounds {unknown}
 i - a potion of lignification
 k - 2 potions of haste
 l - 3 potions of curing
 m - a potion of degeneration
 n - 2 potions of resistance
 s - a potion of flight {unknown}
Comestibles
 f - 5 rations
 j - 2 chunks of flesh


   Skills:
 + Level 4.2 Fighting
 + Level 3.2 Maces & Flails
 + Level 4.0 Armour
 + Level 0.7 Dodging
 + Level 4.4 Shields


You had 4 spell levels left.
You didn't know any spells.
Your spell library was empty.

Dungeon Overview and Level Annotations

Branches:
Dungeon (3/15)

Altars:


Innate Abilities, Weirdness & Mutations

You cannot be hasted, slowed, berserked, paralysed or teleported.
You can dig through walls and to a lower floor.
Your four strong arms can wield two-handed weapons with a shield.
You have a pair of large antennae on your head. (SInv)


Message History

You closely miss the orc priest.
The orc priest hits you with a +0 flail.
Your shield and scale mail prevent you from hitting the orc priest.
The orc priest looks braver for a moment.
You block the orc priest's attack.
You barely miss the orc priest.
The orc priest mumbles some strange prayers to Beogh against you.
Beogh smites you!
* * * LOW HITPOINT WARNING * * *
You block the orc priest's attack.
You bludgeon the orc priest!!
You kill the orc priest!
You closely miss the orc priest.
The orc priest calls down the wrath of Beogh upon you.
Beogh smites you!
* * * LOW HITPOINT WARNING * * *
You hit the orc priest.
The orc priest is heavily wounded.
The orc priest hits you.
You die...

.....## ## .....#
......###... #....#
.............. .....#{
............<. ##....#{ {
.......#.......#.....#
.....................#
.......#>......##....#{
....รท..........#.)...#
.<..)..........#@##### {
..)###(.)......#o#
.......#.......oo########
....#.## #####..........#
.#....# ###..........#
.#....## #...#........#
##.....# ###..##........#
#...#.###..............#
##......##.....#........#


You could see an orc priest and 2 orcs.

Vanquished Creatures
  2 orc priests (D:3)
  An adder (D:2)
  A worm (D:2)
  3 dart slugs
  3 leopard geckos
  6 orcs
  2 giant cockroaches
  5 goblins
  6 hobgoblins
  4 bats (D:1)
  3 frilled lizards
  7 kobolds
  8 rats
51 creatures vanquished.

Notes
Turn   | Place    | Note
-------+----------+-------------------------------------------
     0 | D:1      | funkygono the Formicid Fighter began the quest for the Orb.
     0 | D:1      | Reached XP level 1. HP: 18/18 MP: 1/1
   282 | D:1      | Reached XP level 2. HP: 24/24 MP: 2/2
   484 | D:1      | Reached XP level 3. HP: 30/30 MP: 3/3
  1548 | D:2      | Reached XP level 4. HP: 37/37 MP: 4/4
  1728 | D:2      | Found a faded altar of an unknown god.
  2043 | D:3      | Reached XP level 5. HP: 31/42 MP: 5/5
  2182 | D:3      | Slain by an orc priest

Skill      XL: |  1  2  3  4 |
---------------+-------------+-----
Fighting       | 4 |  4.2
Shields        | 4 |  4.4
Maces & Flails | 3 |  3.2
Armour         | 4 |  4.0
Dodging        | |  0.7

Action                   |  1- 3 |  4- 6 || total
-------------------------+-------+-------++-------
Melee: Flail             |   109 |    73 ||   182
  Use: Scroll            |     6 |     3 ||     9
       Potion            |       |     1 ||     1
  Eat: Chunk             |     2 |     2 ||     4
Armor: Scale mail        |    53 |    31 ||    84
Dodge: Dodged            |    37 |    31 ||    68
Block: Shield            |    66 |    80 ||   146
